 Dungeon Sprint DCSS version 0.31-a0-876-gfe8ebadbca (webtiles) character file.

Game seed: 15385183328926636850

824 rocky1 the Carver (level 8, 0/62 HPs)
             Began as a Djinni Gladiator on Oct 14, 2023.
             Was an Initiate of Gozag.
             Slain by a wyvern (8 damage)
             ... in the Dungeon (Sprint II: "The Violet Keep of Menkaure").
             The game lasted 00:01:40 (438 turns).

rocky1 the Carver (Djinni Gladiator)                 Turns: 438, Time: 00:01:40

Health: 0/62       AC:  4    Str: 13    XL:     8   Next: 17%
Gold:   576        EV: 18    Int:  9    God:    Gozag SH:  0 Dex: 18

rFire   + + .        a - +0 long sword
rCold   x . .        (no shield)
rNeg    . . .        b - +0 leather armour
rPois   ∞            c - +0 helmet
rElec   .            (no cloak)
rCorr   .            (no gloves)
SInv    .            (boots unavailable)
Will    .....        (no amulet)
Stlth   +            (no ring)
HPRegen 0.30/turn    (no ring)
MPRegen 0.00/turn

%: no teleportation, infuse magic (-1 HP)
@: gold aura, flying, hasted, very quick
A: sickness immunity, fire resistance 2, cold vulnerability 1, float, innate
caster, HP casting, extra vitality 1
a: Renounce Religion, Potion Petition, Call Merchant, Bribe Branch


You were in the Dungeon.
You worshipped Gozag.
Gozag was pleased with you.
You visited 1 branch You collected 576 gold pieces.

Inventory:

Hand Weapons
 a - a +0 long sword (weapon)
Missiles
 d - 3 throwing nets (quivered)
 e - a javelin
Armour
 b - a +0 leather armour (worn)
 c - a +0 helmet (worn)
Scrolls
 j - a scroll of blinking
Potions
 f - a potion of curing


   Skills:
 + Level 6.6 Fighting
 + Level 10.9 Long Blades
 - Level 1.5 Throwing
 + Level 4.8 Armour
 + Level 10.8 Dodging
 - Level 0.2 Stealth


You knew the following spells:

 Your Spells              Type           Power      Damage    Failure   Level
a - Apportation           Tloc           0%         N/A       45%         1
b - Momentum Strike       Conj/Tloc      0%         3d8       58%         2
c - Volatile Blastmotes   Fire/Tloc      0%         2d10      83%         3
Your spell library was empty.

Dungeon Overview and Level Annotations

Branches:
Dungeon (1/1)

Altars:
Cheibriados
Dithmenos
Elyvilon
Fedhas
Gozag
Hepliaklqana
Makhleb
Nemelex Xobeh
Okawaru
Qazlal
Ru
Trog
Uskayaw
Wu Jian
Xom
Yredelemnul
Zin
The Shining One
Jiyva
Lugonu

Shops:
D !=!=[![:(=

Annotations:
D exclusion: orange crystal statue, Roxanne


Innate Abilities, Weirdness & Mutations

You are immune to sickness and miasma.
You are immune to poison.
Your flesh is very heat resistant. (rF++)
You are vulnerable to cold. (rC-)
You float through the air rather than walking.
You learn spells naturally, not from books.
Your magical power is your life essence.
You have superior vitality. (+4 MHP)


Message History

The wyvern is moderately wounded.
The wyvern completely misses you.
You slash the wyvern!
The wyvern is severely wounded.
The wyvern closely misses you.
You hit the wyvern but do no damage.
The wyvern is severely wounded.
The wyvern closely misses you.
You hit the wyvern.
The wyvern is severely wounded.
The wyvern bites you!
You slash the wyvern!
The wyvern is almost dead.
The wyvern bites you.
You hit the wyvern but do no damage.
The wyvern is almost dead.
The wyvern bites you!
You closely miss the wyvern.
The wyvern is almost dead.
The wyvern barely misses you.
You closely miss the wyvern.
The wyvern is almost dead.
You hit the wyvern.
You kill the wyvern!
You have reached level 8!
You feel agile.
You hit the wyvern.
The wyvern is lightly wounded.
The wyvern bites you.
You closely miss the wyvern.
The wyvern is lightly wounded.
You hit the wyvern.
The wyvern is moderately wounded.
The wyvern bites you!
* * * LOW HITPOINT WARNING * * *
You barely miss the wyvern.
The wyvern is moderately wounded.
The wyvern bites you!
You die...
Your body crumbles into a pile of gold.

#######~~~.........#
......#~~~~.##+##..#
.....∩#~~~~##...##.#### ^###
∩...∩.#~~~~#..#..#....# ...#
.∩.∩.∩#~~####.).####..## #..#
∩...∩.#~##.###'## .##..# +..#
.∩.∩..#~##..##.##B.$#..# #..#
..⌠...+~'.##'.<.+# +..### ..##
......#~##..##@##B..#....###...
▓▓▓▓###~##.###l# .##......~~~~
$######~~### .#$ ###~§..§..~#'#
$# ##~~~#.# #.#~~§~§~§.§~#..
#+#~## ##~~§~§§~~†~#._
#y#~~##+##~~§§§≈~§~~~#_.
####~~~~~~~~~~≈≈≈≈~§~#._
#+++#+++#§§§§§≈≈§~#.. ~~~~~
##§≈≈###≈≈#..


You could see a wyvern.

Vanquished Creatures
  A merfolk siren (D)
  A wyvern (D)
  Menkaure (D)
  4 scorpions (D)
7 creatures vanquished.

Vanquished Creatures (others)
  A water moccasin (D)
1 creature vanquished.

Grand Total: 8 creatures vanquished

Notes
Turn   | Place    | Note
-------+----------+-------------------------------------------
     0 | D        | rocky1 the Djinni Gladiator began the quest for the Orb.
     0 | D        | Reached XP level 1. HP: 18/18 MP: 0/0
     1 | D        | Noticed a boulder beetle
     1 | D        | Noticed a boulder beetle
     5 | D        | Noticed a wyvern
     5 | D        | Noticed a wyvern
     9 | D        | Noticed a scorpion
     9 | D        | Noticed a scorpion
     9 | D        | Noticed a scorpion
     9 | D        | Noticed a scorpion
    17 | D        | Killed a scorpion
    18 | D        | Reached skill level 5 in Long Blades
    18 | D        | Reached XP level 2. HP: 24/25 MP: 0/0
    18 | D        | Reached XP level 3. HP: 30/30 MP: 0/0
    18 | D        | Learned a level 1 spell: Apportation
    18 | D        | Reached XP level 4. HP: 34/35 MP: 0/0
    22 | D        | Killed a scorpion
    23 | D        | Reached skill level 1 in Armour
    23 | D        | Reached XP level 5. HP: 31/41 MP: 0/0
    23 | D        | Learned a level 2 spell: Momentum Strike
    29 | D        | Killed a water moccasin
    30 | D        | Reached XP level 6. HP: 17/49 MP: 0/0
   128 | D        | Found Dian's Distillery.
   128 | D        | Found Liteohukk's Book Shop.
   128 | D        | Found Ceojieri's Jewellery Shop.
   128 | D        | Found Soutieg's Antique Armour Boutique.
   128 | D        | Found Ydiwk's Antique Armour Boutique.
   129 | D        | Found Eriulaoz's Jewellery Boutique.
   129 | D        | Found Safim's Distillery.
   129 | D        | Found Naofrieh's Antique Weapon Boutique.
   130 | D        | Found Etoruop's Jewellery Shop.
   130 | D        | Found Aceurein's Distillery.
   137 | D        | Noticed Roxanne
   147 | D        | Found a snail-covered altar of Cheibriados.
   147 | D        | Found a hazy altar of Hepliaklqana.
   148 | D        | Found a shadowy altar of Dithmenos.
   148 | D        | Found a viscous altar of Jiyva.
   148 | D        | Found a stormy altar of Qazlal.
   149 | D        | Found a sacrificial altar of Ru.
   149 | D        | Found a white marble altar of Elyvilon.
   150 | D        | Found an ornate altar of the Wu Jian Council.
   150 | D        | Found a corrupted altar of Lugonu.
   150 | D        | Found a blossoming altar of Fedhas.
   151 | D        | Found a shimmering altar of Xom.
   151 | D        | Found a bloodstained altar of Trog.
   151 | D        | Found a burning altar of Makhleb.
   151 | D        | Found an opulent altar of Gozag.
   153 | D        | Found a glowing golden altar of the Shining One.
   153 | D        | Found a basalt altar of Yredelemnul.
   153 | D        | Found a hide-covered altar of Uskayaw.
   155 | D        | Found a glowing silver altar of Zin.
   155 | D        | Found a sparkling altar of Nemelex Xobeh.
   156 | D        | Found an iron altar of Okawaru.
   158 | D        | Noticed a water moccasin
   159 | D        | Noticed a water moccasin
   164 | D        | Became a worshipper of Gozag Ym Sagoz the Greedy
   190 | D        | Noticed Menkaure
   191 | D        | Noticed an orange crystal statue
   200 | D        | Killed Menkaure
   201 | D        | Reached skill level 5 in Fighting
   322 | D        | Noticed a vampire mosquito
   339 | D        | Noticed a merfolk siren
   343 | D        | HP: 1/49 [merfolk siren/+0 trident (17)]
   350 | D        | Killed a merfolk siren
   351 | D        | Reached skill level 10 in Long Blades
   351 | D        | Reached skill level 10 in Dodging
   351 | D        | Reached XP level 7. HP: 36/56 MP: 0/0
   351 | D        | Learned a level 3 spell: Volatile Blastmotes
   434 | D        | Killed a wyvern
   435 | D        | Reached XP level 8. HP: 28/62 MP: 0/0
   438 | D        | Slain by a wyvern

Illustrated notes

Levels and vault maps discovered:
D:        the_violet_keep_of_menkaure [sprint2_stairs_cluster_1,
          sprint2_shoproom, sprint2_temple, sprint2_basic_supplies,
          sprint2_obstacle_6, sprint2_obstacle_5, sprint2_obstacle_4,
          sprint2_obstacle_1, sprint2_obstacle_2, sprint2_timed_cluster_1,
          sprint2_smallroom_cluster_1, sprint2_smallroom_final_cluster_1,
          sprint2_transparent_cluster_1, sprint2_second_timed_cluster_1,
          sprint2_sniper_area_1, sprint2_heavy_combat_area_1,
          sprint2_mutation_trap_area_1, sprint2_forest_area_1,
          sprint2_light_combat_area_1, sprint2_behind_water_1,
          sprint2_near_end_vault_1]

Skill      XL: |  1  2  3  4  5  6 |
---------------+-------------------+-----
Fighting       | 3 4 6 |  6.6
Long Blades    | 5 6 7 10 | 10.9
Dodging        | 6 7 8 10 | 10.8
Armour         | 1 2 4 |  4.8
Throwing       | |  1.5
Stealth        | |  0.2

Action                     |  1- 3 |  4- 6 |  7- 9 || total
---------------------------+-------+-------+-------++-------
  Melee: Long sword        |     7 |    27 |    16 ||    50
    Use: Potion            |     1 |     1 |     1 ||     3
 Armour: Leather armour    |     5 |    10 |     7 ||    22
  Dodge: Dodged            |     2 |     9 |     6 ||    17

Table legend: (Time is in decaauts)
 A = Elapsed time spent in this place.
 B = Non-inter-level travel time spent in this place.
 C = Inter-level travel time spent in this place.
 D = Time resting spent in this place.
 E = Time spent auto-exploring this place.
 F = Levels seen in this place.
 G = Mean time per level.
                   A        B        C        D        E       F      G
               +--------+--------+--------+--------+--------+-----+--------+
         Total |    442 |    442 |      0 |    262 |      0 |   1 |  442.0 |
       Dungeon |    442 |    442 |      0 |    262 |      0 |   1 |  442.0 |
               +--------+--------+--------+--------+--------+-----+--------+

Top non-repeatable levels by time:
       D: 442 daAuts
